 Dungeon Crawl Stone Soup version 0.28.0-43-g3370ac3207 (webtiles) character file.

Game seed: 7539115036199466623

26483 pkoi the Destroyer (level 12, -2/94 HPs)
             Began as a Green Draconian Conjurer on Mar 11, 2022.
             Was an Elder of Sif Muna.
             Slain by a cane toad (14 damage)
             ... on level 5 of the Lair of Beasts.
             The game lasted 00:39:12 (20328 turns).

pkoi the Destroyer (Green Draconian Conjurer)      Turns: 20328, Time: 00:39:13

Health: -2/94      AC: 14    Str: 16    XL:     12   Next: 98%
Magic:  7/24       EV: 13    Int: 29    God:    Sif Muna [****..]
Gold:   1066       SH:  0    Dex:  9    Spells: 9/27 levels left

rFire   + . .      SeeInvis +   t - +5 trident (venom)
rCold   + . .      Faith    .   (no shield)
rNeg    + . .      Spirit   .   (armour unavailable)
rPois   +          Reflect  .   v - +2 hat {Int+3}
rElec   .          Harm     .   D - +1 cloak
rCorr   .          Rampage  .   c - +0 pair of gloves
Will    ++...                   x - +0 pair of boots
Stlth   ++........              f - amulet of regeneration
HPRegen 1.05/turn               u - ring of Lust {rF+ rC+ Will+ Str+4 Int+4}
MPRegen 0.19/turn               q - ring of Demons {rPois rN+ Will+ Slay+2 SInv}

@: lethally poisoned (-2 -> -2), short of breath, channelling
A: breathe noxious fumes, AC +8, unfitting armour, poison resistance,
cold-blooded
a: Breathe Noxious Fumes, Renounce Religion, Channel Magic, Forget Spell, Divine
Exegesis


You were on level 5 of the Lair of Beasts.
You worshipped Sif Muna.
Sif Muna was greatly pleased with you.
You visited 3 branches of the dungeon, and saw 15 of its levels.
You also visited: Bailey.

You collected 1066 gold pieces.

Inventory:

Hand Weapons
 a - a +0 short sword
 b - a +0 whip
 e - a +2 vorpal whip
 r - a +3 short sword of speed
 t - a +5 trident of venom (weapon)
 F - a +4 short sword of electrocution
 N - the +5 dire flail "Jeomne Huac" {vamp, rCorr}
   (You took it off an ogre on level 6 of the Dungeon)

   It occasionally heals its wielder for a portion of the damage dealt when it
   wounds a living foe.
   rCorr:     It protects you from acid and corrosion.
Missiles
 l - 3 throwing nets
Armour
 c - a +0 pair of gloves (worn)
 v - a +2 hat of intelligence (worn)
 x - a +0 pair of boots (worn)
 D - a +1 cloak (worn)
Jewellery
 f - an amulet of regeneration (around neck)
 h - a +4 ring of slaying
 q - the ring of Demons (right hand) {rPois rN+ Will+ Slay+2 SInv}
   (You acquired it on level 3 of the Lair of Beasts)

   [ring of see invisible]

   Slay:      It affects your accuracy & damage with ranged weapons and melee
   (+2).
   rPois:     It protects you from poison.
   rN:        It protects you from negative energy.
   SInv:      It lets you see invisible.
   Will:      It increases your willpower.
 u - the ring of Lust (left hand) {rF+ rC+ Will+ Str+4 Int+4}
   (You found it on level 5 of the Dungeon)

   [ring of willpower]

   Str:       It affects your strength (+4).
   Int:       It affects your intelligence (+4).
   rF:        It protects you from fire.
   rC:        It protects you from cold.
   Will:      It increases your willpower.
 B - a ring of resist corrosion
 K - a ring of protection from fire
Wands
 i - a wand of paralysis (8)
 C - a wand of iceblast (7)
 I - a wand of flame (8)
 M - a wand of polymorph (5)
Scrolls
 j - 4 scrolls of identify
 k - 3 scrolls of fog
 m - 2 scrolls of enchant weapon
 n - 2 scrolls of amnesia
 s - 4 scrolls of magic mapping
 y - a scroll of fear
 z - 2 scrolls of blinking
 E - 2 scrolls of enchant armour
 G - a scroll of teleportation
 L - a scroll of brand weapon
 O - a scroll of torment {unknown}
Potions
 d - 4 potions of heal wounds
 g - a potion of invisibility
 o - 2 potions of berserk rage
 p - 5 potions of curing
 w - 3 potions of haste
 A - a potion of flight
 H - 2 potions of resistance
 J - 3 potions of brilliance


   Skills:
 + Level 5.4 Fighting
 + Level 4.9 Dodging
 - Level 1.7 Stealth
 + Level 8.1 Spellcasting
 + Level 10.7 Conjurations
 + Level 4.9 Hexes
 - Level 9.0 Translocations
 - Level 6.0 Transmutations
 + Level 7.7 Fire Magic
 - Level 8.0 Poison Magic
 + Level 5.1 Invocations


You had 9 spell levels left.
You knew the following spells:

 Your Spells              Type           Power      Damage    Failure   Level
a - Magic Dart            Conj           100%       1d8       1%          1
b - Searing Ray           Conj           100%       2d8       1%          2
c - Iskenderun's Mystic   Conj/Tloc      62%        2d13      1%          4
d - Ignite Poison         Fire/Tmut/Pois 52%        N/A       1%          3
e - Inner Flame           Hex/Fire       48%        N/A       1%          3
f - Fulminant Prism       Conj/Hex       27%        3d14      1%          4
g - Apportation           Tloc           100%       N/A       1%          1

Your spell library contained the following spells:

 Spells                   Type           Power      Damage    Failure   Level
 Foxfire                  Conj/Fire      100%       2x1d9     1%          1
 Wereblood                Tmut           46%        N/A       1%          2
 Dazzling Flash           Conj/Hex       100%       N/A       1%          3
 Gell's Gravitas          Tloc           59%        N/A       1%          3
 Mephitic Cloud           Conj/Pois/Air  48%        N/A       1%          3
 Portal Projectile        Hex/Tloc       100%       N/A       1%          3
 Teleport Other           Tloc           59%        N/A       1%          3
 Tukima's Dance           Hex            40%        N/A       1%          3
 Flame Wave               Conj/Fire      60%        2d12      1%          4
 Animate Skeleton         Necr           22%        N/A       4%          1
 Summon Small Mammal      Summ           44%        N/A       4%          1
 Summon Guardian Golem    Hex/Summ       26%        N/A       4%          3
 Cause Fear               Hex            20%        N/A       6%          4
 Call Imp                 Summ           11%        N/A       7%          2
 Blade Hands              Tmut           23%        N/A       11%         5
 Petrify                  Tmut/Erth      29%        N/A       13%         4
 Call Canine Familiar     Summ           11%        N/A       14%         3
 Anguish                  Hex/Necr       13%        N/A       16%         4
 Starburst                Conj/Fire      30%        6d9       16%         6
 Dispersal                Tloc           29%        N/A       17%         6
 Freezing Cloud           Conj/Ice/Air   16%        6-21      28%         5
 Orb of Destruction       Conj           32%        9d10      43%         7
 Iron Shot                Conj/Erth      21%        9d5       58%         6
 Excruciating Wounds      Necr           5%         N/A       77%         5
 Enfeeble                 Hex            20%        N/A       99%         7
 Discord                  Hex            20%        N/A       100%        8


Dungeon Overview and Level Annotations

Branches:
Dungeon (9/15)             Temple (1/1) D:6            Lair (5/6) D:9
 Shoals (0/4) Lair:2       Spider (0/4) Lair:3          Orc (0/2) D:9
 Bailey (visited)
  Slime: Lair:5-6

Altars:
Ashenzari
Cheibriados
Dithmenos
Elyvilon
Fedhas
Gozag
Hepliaklqana
Kikubaaqudgha
Makhleb
Nemelex Xobeh
Okawaru
Qazlal
Ru
Sif Muna
Trog
Uskayaw
Vehumet
Wu Jian
Xom
Yredelemnul
Zin
The Shining One

Annotations:
Lair:3 2 transporters, GloriousHammer's ghost, journeyman MiBe


Innate Abilities, Weirdness & Mutations

You can breathe blasts of noxious fumes.
Your lurid green scales are hard. (AC +8)
You cannot fit into any form of body armour.
Your system is resistant to poisons. (rPois)
You are cold-blooded and may be slowed by cold attacks.


Message History

Casting: Ignite Poison (safe; 1% risk of failure)
Confirm with . or Enter, or press ? or * to list all spells.
You ignite the poison in your surroundings!
The boulder beetle seems to burn from within!!!
You kill the boulder beetle!
Sif Muna accepts your kill.
The cane toad stings you but does no damage.
Unknown command.
You closely miss the cane toad.
The cane toad is moderately wounded.
The cane toad stings you!
* * * LOW HITPOINT WARNING * * *
The cane toad stings you.
* * * LOW HITPOINT WARNING * * *
You are poisoned.
The cane toad poisons you!
You feel much better.
You feel very sick.
The cane toad stings you but does no damage.
You hit the cane toad.
You punch the cane toad, but do no damage.
The cane toad is moderately wounded.
You feel very sick. The cane toad stings you!
* * * LOW HITPOINT WARNING * * *
Unknown command.
Casting: Ignite Poison (safe; 1% risk of failure)
Confirm with . or Enter, or press ? or * to list all spells.
You erupt in a blast of force!
The mystic blast hits the cane toad.
The cane toad is moderately wounded.
The cane toad is knocked back by the mystic blast.
You feel sick.
Unknown command.
You feel sick.
Casting: Iskenderun's Mystic Blast (mildly dangerous; 1% risk of failure)
Confirm with . or Enter, or press ? or * to list all spells.
You don't have enough magic to cast this spell.
Unknown command.
You feel sick. The cane toad stings you!
You die...

.............................#
.............................#
.............................#
...........................#.#
...........................###
##.......................P.##
#.....................###.#
.... #...##....###### ###
....##....##@###
...........F## ...........##
..........## ♣#........#
+........## #.........#
###.!..F..# #....†......#


You could see a cane toad.

Vanquished Creatures
  Gastronok (D:8)
  A boulder beetle (Lair:5)
  Erica (Lair:2)
  Harold (D:7)
  2 hydras
  A death yak (Lair:4)
  A wizard (D:9)
  An orc knight (Bailey)
  Pikel (D:7)
  An orc sorcerer (Bailey)
  2 black mambas
  Maurice (D:9)
  The ghost of cbfl8 the Sneak, a novice MiDe (D:6)
  5 gargoyles (D:9)
  Maggie (D:7)
  6 cane toads
  6 komodo dragons
  A kobold demonologist (Bailey)
  A polar bear (Lair:4)
  4 merfolk (Lair:2)
  The ghost of croobank the Sneak, an amateur OpFE of Vehumet (D:5)
  5 culicivoras (Lair:3)
  A basilisk (Lair:1)
  28 yaks
  Eustachio (D:3)
  2 steam dragons
  3 wyverns
  8 water moccasins
  A sky beast (D:5)
  10 orc warriors
  7 wolves
  A necrophage (D:6)
  5 ogres
  A hornet zombie (D:8)
  3 phantoms
  2 centaurs
  2 lemures (D:7)
  A kobold brigand (D:9)
  10 bullfrogs
  2 gnoll sergeants (D:8)
  6 scorpions
  13 killer bees
  4 wights (D:9)
  2 howler monkeys (D:8)
  5 electric eels (Bailey)
  A crimson imp (D:9)
  A bullfrog zombie (D:6)
  4 quasits (D:5)
  2 hounds
  2 orc priests
  A centaur skeleton (D:5)
  Crazy Yiuf (D:2)
  A jelly (D:5)
  Jessica (D:2)
  7 hell rats (Lair:4)
  3 iguanas
  4 orc wizards
  A howler monkey zombie (D:5)
  13 gnolls
  3 adders
  A shadow imp (D:5)
  A white imp (D:8)
  An ufetubus (D:5)
  An adder skeleton (D:2)
  28 orcs
  8 endoplasms
  3 giant cockroaches
  18 goblins
  14 hobgoblins
  A jackal (D:1)
  5 quokkas
  4 ball pythons
  4 bats
  A frilled lizard (D:2)
  15 kobolds
  9 rats
322 creatures vanquished.

Vanquished Creatures (collateral kills)
  An ice beast (D:7)
1 creature vanquished.

Vanquished Creatures (others)
  6 fulminant prisms
  11 fungi
  15 plants
32 creatures vanquished.

Grand Total: 355 creatures vanquished

Notes
Turn   | Place    | Note
-------+----------+-------------------------------------------
     0 | D:1      | pkoi the Draconian Conjurer began the quest for the Orb.
     0 | D:1      | Reached XP level 1. HP: 14/14 MP: 3/3
   402 | D:1      | Reached XP level 2. HP: 18/20 MP: 3/5
   958 | D:1      | Reached skill level 5 in Conjurations
  1103 | D:1      | Reached XP level 3. HP: 26/26 MP: 3/6
  1964 | D:2      | Found a runed translucent door.
  1965 | D:2      | Noticed Crazy Yiuf
  2112 | D:2      | Found a faded altar of an unknown god.
  2387 | D:2      | Noticed Jessica
  2392 | D:2      | Killed Jessica
  2393 | D:2      | Reached XP level 4. HP: 33/33 MP: 3/7
  2434 | D:2      | Learned a level 2 spell: Searing Ray
  2692 | D:2      | Killed Crazy Yiuf
  2693 | D:2      | Reached skill level 6 in Conjurations
  2784 | D:3      | Learned a level 4 spell: Iskenderun's Mystic Blast
  2933 | D:3      | Identified the +3 ring mail "Ketootig" {rC- rN+ rCorr}
  3075 | D:3      | Found a burning altar of Makhleb.
  3383 | D:3      | Reached XP level 5. HP: 38/38 MP: 6/8
  4110 | D:4      | Noticed Eustachio
  4247 | D:4      | Noticed an ogre
  4591 | D:4      | Reached skill level 1 in Translocations
  4716 | D:4      | Killed an ogre
  4717 | D:4      | Reached XP level 6. HP: 26/45 MP: 4/9
  5567 | D:5      | Entered Level 5 of the Dungeon
  5583 | D:5      | Reached skill level 7 in Conjurations
  6104 | D:5      | Your scales start taking on a lurid green colour.
  6104 | D:5      | Reached XP level 7. HP: 50/50 MP: 5/11
  6104 | D:5      | Gained mutation: Your system is resistant to poisons.
                  | (rPois) [Green Draconian growth]
  6447 | D:5      | Found a transporter.
  6514 | D:5      | Noticed croobank's ghost (amateur OpFE)
  6526 | D:5      | Found a transporter.
  6749 | D:5      | Identified the ring of Lust {rF+ rC+ Will+ Str+4 Int+4}
  6839 | D:5      | Reached skill level 8 in Conjurations
  6839 | D:5      | Reached XP level 8. HP: 56/57 MP: 2/13
  7330 | D:6      | Reached skill level 5 in Translocations
  7776 | D:6      | Found a staircase to the Ecumenical Temple.
  7833 | Temple   | Entered the Ecumenical Temple
  7934 | Temple   | Became a worshipper of Sif Muna the Loreminder
  7951 | D:6      | Learned a level 3 spell: Ignite Poison
  8191 | D:6      | Found a transporter.
  8437 | D:6      | Noticed cbfl8's ghost (novice MiDe)
  8438 | D:6      | Identified the +5 dire flail "Jeomne Huac" {vamp, rCorr}
  8439 | D:6      | Found a transporter.
  8514 | D:7      | Reached skill level 1 in Poison Magic
  8610 | D:7      | Reached skill level 1 in Fire Magic
  8610 | D:7      | Reached skill level 1 in Invocations
  8665 | D:7      | Reached skill level 1 in Transmutations
  8698 | D:7      | Noticed Pikel
  8710 | D:7      | Killed Pikel
  8779 | D:7      | Identified the +1 ring mail of Dogmatism {Harm rF- rN+}
  8892 | D:7      | Noticed Harold
  8949 | D:7      | Killed Harold
  8950 | D:7      | Reached XP level 9. HP: 7/62 MP: 12/16
  9268 | D:7      | Reached skill level 9 in Conjurations
  9791 | D:8      | Reached skill level 5 in Spellcasting
  9901 | D:8      | Learned a level 3 spell: Inner Flame
  9906 | D:8      | Learned a level 4 spell: Fulminant Prism
  9914 | D:8      | Noticed Maggie
 10059 | D:7      | Killed Maggie
 10103 | D:8      | Noticed Gastronok
 10266 | D:8      | Killed Gastronok
 10267 | D:8      | Reached skill level 5 in Poison Magic
 10267 | D:8      | Reached XP level 10. HP: 69/69 MP: 11/18
 10454 | D:8      | Reached * piety under Sif Muna
 11521 | D:9      | Noticed Maurice
 11524 | D:9      | Killed Maurice
 11563 | D:9      | Noticed a wizard
 11575 | D:9      | Killed a wizard
 11593 | D:9      | Found a flagged portal.
 11607 | Bailey   | Entered a bailey
 11642 | Bailey   | Reached skill level 5 in Fire Magic
 11800 | Bailey   | Reached skill level 10 in Conjurations
 11800 | Bailey   | Reached skill level 5 in Transmutations
 11867 | Bailey   | Reached ** piety under Sif Muna
 12010 | Bailey   | Noticed an orc sorcerer
 12016 | Bailey   | Killed an orc sorcerer
 12053 | Bailey   | Found an iron altar of Okawaru.
 12081 | Bailey   | Reached skill level 1 in Hexes
 12081 | Bailey   | Reached XP level 11. HP: 63/74 MP: 16/20
 12261 | Bailey   | Identified the +2 scale mail of Qazlal's Pride {Will++}
 12504 | Bailey   | Noticed an orc knight
 12534 | Bailey   | Killed an orc knight
 12860 | D:9      | Acquired the Incunabulum of Attacks and Transmutation
 12992 | D:9      | Found a staircase to the Orcish Mines.
 13309 | D:9      | Reached skill level 1 in Fighting
 14021 | D:9      | Found a staircase to the Lair.
 14443 | D:9      | Reached *** piety under Sif Muna
 14584 | Lair:1   | Entered Level 1 of the Lair of Beasts
 14589 | Lair:1   | Noticed a four-headed hydra
 14597 | Lair:1   | Killed a four-headed hydra
 14862 | Lair:1   | Found the +6 lightning scales {swift, rElec}
 15700 | Lair:2   | Noticed Erica
 15715 | Lair:2   | Killed Erica
 15732 | Lair:2   | Reached XP level 12. HP: 53/89 MP: 5/22
 15852 | Lair:2   | Found a staircase to the Shoals.
 16977 | D:3      | Killed Eustachio
 17038 | D:5      | Killed croobank's ghost
 17214 | D:6      | Reached **** piety under Sif Muna
 17221 | D:6      | Killed cbfl8's ghost
 17251 | D:6      | Learned a level 1 spell: Apportation
 18441 | Lair:3   | Acquired the ring of Demons {rPois rN+ Will+ Slay+2 SInv}
 18454 | Lair:3   | Found a transporter.
 18462 | Lair:3   | Noticed a death yak
 18463 | Lair:3   | Noticed GloriousHammer's ghost (journeyman MiBe)
 18470 | Lair:3   | Found a transporter.
 18574 | Lair:3   | Found a hole to the Spider Nest.
 19023 | Lair:4   | Noticed a death yak
 19044 | Lair:4   | Killed a death yak
 19354 | Lair:4   | Reached skill level 5 in Fighting
 20224 | Lair:5   | Noticed a five-headed hydra
 20234 | Lair:5   | Killed a five-headed hydra
 20235 | Lair:5   | Reached skill level 5 in Invocations
 20301 | Lair:5   | Noticed a boulder beetle
 20322 | Lair:5   | Killed a boulder beetle
 20328 | Lair:5   | Slain by a cane toad

Illustrated notes

Levels and vault maps discovered:
D:1:      saegor_arrival_miasma, layout_loops_ring, minmay_pentomino_w2
D:2:      layout_loops_cross, shapermc_ecumenical_altar_mp_highgroup,
          uniq_jessica, uniq_crazy_yiuf_cottage
D:3:      layout_loops_ring, mainiacjoe_overflow_concentric_impassable,
          chequers_avenue, guppyfry_early_lair_pool
D:4:      layout_gridville, hangedman_decor_peaks_small, uniq_eustachio
D:5:      layout_rooms, gammafunk_ghost_stat_death, kennysheep_generic_room_3
D:6:      layout_basic, minmay_temple_entry_arrows, gammafunk_ghost_smash,
          minmay_tree_intersection
D:7:      layout_loops_corners, solitary_fountain, uniq_harold, uniq_pikel
D:8:      layout_rooms, uniq_gastronok, uniq_maggie
D:9:      cheibrodos_statue_roulette, layout_irregular_city, dpeg_oklobed_lair,
          orc_0_dummy, enter_bailey_3, grunt_ministairs_7, lightli_wizard_tower,
          uniq_maurice
Temple:   grunt_wide_crystal_templ
Lair:1:   layout_big_grid, hibernation_bobbens
Lair:2:   layout_hall_layers, elwin_shoals_entry_stream, uniq_erica
Lair:3:   layout_gridlike, hellmonk_spider_entry_life_and_decay,
          gammafunk_ghost_berserking_beasts
Lair:4:   layout_cave_pods, serial_bayou_shore_a
Lair:5:   layout_hall_layers, slime_altar_1, grunt_megastairs_5,
          lemuel_fruit_tree

Skill      XL: |  1  2  3  4  5  6  7  8  9 10 11 12 |
---------------+-------------------------------------+-----
Conjurations   | 5 6 7 8 9 10 | 10.7
Translocations | 2 3 4 6 7 8 9 |  9.0
Spellcasting   | 3 4 5 6 7 8 |  8.1
Poison Magic   | 3 5 6 7 8 |  8.0
Fire Magic     | 2 4 5 6 7 |  7.7
Invocations    | 2 3 5 |  5.1
Transmutations | 2 3 5 6 |  6.0
Hexes          | 1 3 4 |  4.9
Dodging        | 3 4 |  4.9
Fighting       | 3 5 |  5.4
Stealth        | |  1.7

Action                   |  1- 3 |  4- 6 |  7- 9 | 10-12 || total
-------------------------+-------+-------+-------+-------++-------
Melee: Unarmed           |    19 |       |       |       ||    19
       Short sword       |    26 |       |    43 |       ||    69
       Tailslap          |     7 |     3 |    10 |    44 ||    64
       Punch             |     1 |       |     2 |     5 ||     8
       Whip              |     3 |    21 |     1 |       ||    25
       Trident           |       |       |    19 |   345 ||   364
 Cast: Magic Dart        |    74 |    98 |    58 |       ||   230
       Searing Ray       |       |     8 |    12 |       ||    20
       Ignite Poison     |       |       |    11 |    65 ||    76
       Iskenderun's Myst |       |       |     3 |    47 ||    50
       Inner Flame       |       |       |       |     7 ||     7
       Fulminant Prism   |       |       |       |     6 ||     6
Invok: Channel Magic     |       |       |       |     1 ||     1
 Abil: Breathe Noxious F |       |       |    13 |    31 ||    44
Evoke: Wand              |       |       |     2 |       ||     2
  Use: Scroll            |       |       |    10 |    12 ||    22
       Potion            |       |       |       |     1 ||     1
 Stab: Sleeping          |       |     1 |       |     2 ||     3
       Confused          |       |       |       |     2 ||     2
       Distracted        |       |       |       |     1 ||     1
Armor: Skin              |    20 |    36 |    35 |   187 ||   278
Dodge: Dodged            |    35 |    96 |    90 |   284 ||   505
